 Dungeon Sprint DCSS version 0.30.0-29-ga12c61a403 (webtiles) character file.

Game seed: 6486692002731133830

22894 boopmooplesden the Executioner (level 12, -11/136 HPs)
             Began as a Minotaur Berserker on June 19, 2023.
             Was the Champion of Trog.
             Killed from afar by a nagaraja (36 damage)
             ... with a bolt of poison
             ... in the Dungeon (Sprint VII: "The Pits").
             The game lasted 00:08:59 (3115 turns).

boopmooplesden the Executioner (Minotaur Berserker) Turns: 3115, Time: 00:09:00

Health: -11/136    AC: 24    Str: 31    XL:     12   Next: 67%
Magic:  11/11      EV: 11    Int:  4    God:    Trog [******]
Gold:   54         SH:  0    Dex:  9    Spells: 11/11 levels left

rFire   . . .        x - +10 battleaxe of Idealism {flame, Will+ SInv Stlth-}
rCold   . . .        (shield currently unavailable)
rNeg    . . .        D - +2 plate armour of Osaruloz {Harm +Inv rCorr}
rPois   .            (helmet restricted)
rElec   .            t - +0 cloak
rCorr   +            v - +0 pair of gloves
SInv    +            (no boots)
Will    +++..        (no amulet) Stlth
                     s - +3 ring of strength
HPRegen 1.42/turn    G - ring of see invisible
MPRegen 0.12/turn

%: no teleportation, harm (+30% outgoing, +20% incoming)
@: lethally poisoned (-11 -> -16), strong-willed, spiked, on berserk cooldown,
regenerating, slowed, very slow
A: horns 2, retaliatory headbutt
a: Renounce Religion, Evoke Invisibility, Berserk, Trog's Hand, Brothers in Arms


You were in the Dungeon.
You worshipped Trog.
Trog was exalted by your worship.
You visited 1 branch You collected 54 gold pieces.

Inventory:

Hand Weapons
 a - a +0 hand axe
 h - the +6 broad axe "Miaceshrass" {heavy, rN+ Str+3}
   (Trog gifted it to you in the Dungeon)

   Str:       It affects your strength (+3).
   rN:        It protects you from negative energy.
 i - a +2 hand axe
 m - a +1 hand axe of freezing
 n - a +5 hand axe of flaming
 o - a +3 heavy executioner's axe
 p - a +2 antimagic battleaxe
 x - the +10 battleaxe of Idealism (weapon) {flame, Will+ SInv Stlth-}
   (Trog gifted it to you in the Dungeon)

   SInv:      It lets you see invisible.
   Will:      It increases your willpower.
   Stlth:     It makes you less stealthy.
Armour
 b - a +0 animal skin
 l - a +3 chain mail
 t - a +0 cloak (worn)
 u - a +4 chain mail
 v - a +0 pair of gloves (worn)
 D - the +2 plate armour of Osaruloz (worn) {Harm +Inv rCorr}
   (You found it in the Dungeon)

   +Inv:      It lets you turn invisible.
   rCorr:     It protects you from acid and corrosion.
   Harm:      It increases damage dealt and taken.
Jewellery
 q - a +3 ring of protection
 s - a +3 ring of strength (left hand)
 C - a ring of fire
 E - a ring of ice
 G - a ring of see invisible (right hand)
Wands
 y - a wand of flame (21)
 F - a wand of polymorph (4)
 H - a wand of charming (4)
Scrolls
 k - a scroll of butterflies
 w - 8 scrolls of enchant weapon
 z - 4 scrolls of identify
 A - a scroll of blinking
 B - a scroll of fog
Potions
 c - 10 potions of curing
 d - 10 potions of heal wounds
 e - a potion of haste
 f - 4 potions of magic
 g - 8 potions of berserk rage
 j - 2 potions of invisibility
 r - a potion of resistance


   Skills:
 + Level 21.4 Fighting
 + Level 23.6 Axes
 + Level 19.9 Armour
 + Level 10.1 Dodging
 + Level 4.6 Stealth


You had 11 spell levels left.
You didn't know any spells.
Your spell library was empty.

Dungeon Overview and Level Annotations

Branches:
Dungeon (1/1)

Altars:


Innate Abilities, Weirdness & Mutations

You have a pair of horns on your head.
You reflexively headbutt those who attack you in melee.


Message History

Your stone giant hits the skeletal warrior!!!
The ynoxinul gestures.
The snapping turtle bites you!
* * * LOW HITPOINT WARNING * * *
You see here a +6 battleaxe of flaming.
You slice the snapping turtle!! You burn the snapping turtle.
You kill the snapping turtle!
Trog accepts your kill.
Your stone giant hits the skeletal warrior!!
The skeletal warrior is destroyed!
Trog accepts your kill.
A yaktaur comes into view. It is wielding a +1 heavy hand axe.
Your stone giant hits the ynoxinul!!
The nagaraja spits poison at you.
The splash of poison hits you but does no damage.
You are poisoned.
The barbed spikes dig painfully into your body as you move.
* * * LOW HITPOINT WARNING * * *
You feel very sick.
Your stone giant hits the ynoxinul!!
The ynoxinul dies!
Trog accepts your kill.
The ufetubus disappears in a puff of smoke! x2
The yaktaur unwields a +1 heavy hand axe.
The yaktaur wields a +0 arbalest.
The yaktaur shoots a bolt.
The bolt hits your stone giant!!
Your stone giant hits the nagaraja!!
The yaktaur shoots a bolt.
The bolt hits your stone giant!!
Your stone giant dies!
Your stone giant's corpse disappears in a puff of smoke!
You hear two shouts!
The barbed spikes dig painfully into your body as you move.
* * * LOW HITPOINT WARNING * * *
You feel sick.
The barbed spikes dig painfully into your body as you move.
* * * LOW HITPOINT WARNING * * *
You feel sick.
The nagaraja points at you and mumbles some strange words.
The bolt of poison hits you!!
You are more poisoned.
You die...

#...................
#..################. #..# #t#
#.#. #..# #e# #z##. #..# #N# #z#
#. #..# #5# #z# #. #..# #5#)# #.
#..#########'######
#..@...N..)c........
#.....)..)).........
##########++########
##########++########
##########+##................##.
#.?(.')))'.##......#..#......##.
##########.##................''.
#...........'................'')
#'#####'#####......#..#......##.


You could see a nagaraja (fast, catching breath).

Vanquished Creatures
  A death cob (D)
  A nagaraja (D)
  2 spriggan defenders (D)
  A minotaur (D)
  A black draconian (D)
  A hydra (D)
  An alligator (D)
  A two-headed ogre (D)
  A vampire mage (D)
  2 death knights (D)
  Sonja (D)
  2 sun demons (D)
  A flayed ghost (D)
  A sea snake (D)
  A deep elf pyromancer (D)
  A manticore (D)
  A rust devil (D)
  A black mamba (D)
  An orange demon (D)
  An unseen horror (D)
  A komodo dragon (D)
  A polar bear (D)
  A tyrant leech (D)
  2 snapping turtles (D)
  A tarantella (D)
  A water elemental (D)
  A vampire (D)
  4 slime creatures (D)
  6 yaks (D)
  A fire bat (D)
  A large abomination (D)
  A human (shapeshifter) (D)
  4 basilisks (D)
  A fire elemental (D)
  A steam dragon (D)
  An acid dragon (D)
  A warg (D)
  A swamp drake (D)
  2 ice beasts (D)
  A black bear (D)
  2 centaurs (D)
  A necrophage (D)
  A scorpion (D)
  2 small abominations (D)
  19 wights (D)
  3 jellies (D)
  A gnoll bouda (D)
  A hell rat (D)
  A mummy (D)
  5 gnolls (D)
  4 river rats (D)
  2 adders (D)
  2 ufetubi (D)
  An adder skeleton (D)
  2 worms (D)
  An endoplasm (D)
  2 goblins (D)
  A hobgoblin (D)
  2 jackals (D)
  A frilled lizard (D)
  A kobold (D)
111 creatures vanquished.

Vanquished Creatures (collateral kills)
  A merfolk aquamancer (D)
  3 skeletal warriors (D)
  A cyclops (D)
  3 kobold demonologists (D)
  A red devil (D)
  A ynoxinul (D)
  A kobold brigand (D)
  A wight (D)
  A kobold (D)
13 creatures vanquished.

Vanquished Creatures (others)
  A bat zombie (D)
1 creature vanquished.

Grand Total: 125 creatures vanquished

Notes
Turn   | Place    | Note
-------+----------+-------------------------------------------
     0 | D        | boopmooplesden the Minotaur Berserker began the quest for
                  | the Orb.
     0 | D        | Reached XP level 1. HP: 19/19 MP: 0/0
    15 | D        | Reached skill level 4 in Axes
    15 | D        | Reached XP level 2. HP: 17/28 MP: 1/1
    63 | D        | Noticed a scorpion
    70 | D        | Killed a scorpion
    70 | D        | Reached ** piety under Trog
    71 | D        | Reached skill level 7 in Axes
    71 | D        | Reached XP level 3. HP: 23/38 MP: 2/2
    71 | D        | Reached XP level 4. HP: 27/45 MP: 3/3
   195 | D        | Reached *** piety under Trog
   203 | D        | Noticed a black bear
   208 | D        | Killed a black bear
   208 | D        | Reached **** piety under Trog
   209 | D        | Reached skill level 9 in Axes
   209 | D        | Reached skill level 1 in Stealth
   209 | D        | Reached XP level 5. HP: 56/56 MP: 4/4
   274 | D        | Noticed an ice beast
   282 | D        | Reached skill level 5 in Dodging
   286 | D        | Killed an ice beast
   287 | D        | Reached skill level 10 in Axes
   287 | D        | Reached skill level 5 in Armour
   287 | D        | Reached XP level 6. HP: 64/64 MP: 5/5
   294 | D        | Reached ***** piety under Trog
   306 | D        | Reached skill level 10 in Fighting
   306 | D        | Reached skill level 11 in Axes
   316 | D        | Received a gift from Trog
   491 | D        | Noticed a warg
   497 | D        | Killed a warg
   498 | D        | Reached skill level 12 in Axes
   498 | D        | Reached XP level 7. HP: 63/74 MP: 6/6
   500 | D        | Noticed a basilisk
   505 | D        | Killed a basilisk
   557 | D        | Reached skill level 13 in Axes
   768 | D        | Noticed a kobold demonologist
   768 | D        | Noticed a kobold demonologist
   768 | D        | Noticed a kobold demonologist
   768 | D        | Noticed a flayed ghost
   776 | D        | Killed a flayed ghost
   777 | D        | Reached skill level 14 in Axes
   777 | D        | Reached XP level 8. HP: 86/86 MP: 7/7
   782 | D        | Received a gift from Trog
   785 | D        | Killed a kobold demonologist
   786 | D        | Reached skill level 15 in Axes
   788 | D        | Killed a kobold demonologist
   789 | D        | Reached XP level 9. HP: 95/95 MP: 8/8
   789 | D        | Noticed a sixfirhy
   792 | D        | Killed a kobold demonologist
   792 | D        | Reached ****** piety under Trog
   793 | D        | Reached skill level 16 in Axes
   803 | D        | Received a gift from Trog
   939 | D        | Noticed a black mamba
   939 | D        | Noticed a tyrant leech
   943 | D        | Reached skill level 10 in Armour
   943 | D        | Killed a black mamba
   944 | D        | Reached skill level 15 in Fighting
   951 | D        | Killed a tyrant leech
   952 | D        | Reached skill level 17 in Axes
  1047 | D        | Noticed a seven-headed hydra
  1058 | D        | Killed a ten-headed hydra
  1058 | D        | Identified the +3 broad axe "Vakeny" {heavy, Fragile Will++
                  | Str+3 Stlth+} (Trog gifted it to you in the Dungeon)
  1058 | D        | Received a gift from Trog
  1060 | D        | Reached XP level 10. HP: 94/107 MP: 9/9
  1062 | D        | Reached skill level 18 in Axes
  1263 | D        | Noticed Sonja
  1264 | D        | Noticed an orange demon
  1264 | D        | Noticed a sea snake
  1270 | D        | Killed an orange demon
  1272 | D        | Received a gift from Trog
  1274 | D        | Killed a sea snake
  1280 | D        | Killed Sonja
  1288 | D        | Identified the +10 battleaxe of Idealism {flame, Will+ SInv
                  | Stlth-} (Trog gifted it to you in the Dungeon)
  1288 | D        | Received a gift from Trog
  1289 | D        | Reached skill level 19 in Axes
  1300 | D        | Noticed a death knight
  1302 | D        | Noticed a minotaur
  1307 | D        | HP: 3/107 [death knight/+4 halberd (26)]
  1321 | D        | Killed a death knight
  1322 | D        | Noticed a two-headed ogre
  1326 | D        | Killed a minotaur
  1333 | D        | Killed a two-headed ogre
  1391 | D        | Identified the +6 broad axe "Miaceshrass" {heavy, rN+
                  | Str+3} (Trog gifted it to you in the Dungeon)
  1391 | D        | Received a gift from Trog
  1590 | D        | Reached skill level 20 in Axes
  1590 | D        | Reached XP level 11. HP: 117/117 MP: 10/10
  1593 | D        | Reached skill level 15 in Armour
  1613 | D        | Received a gift from Trog
  1622 | D        | Noticed a sun demon
  1629 | D        | Killed a sun demon
  1986 | D        | Received a gift from Trog
  1991 | D        | Noticed a sun demon
  1998 | D        | Killed a sun demon
  2004 | D        | Received a gift from Trog
  2005 | D        | Reached skill level 21 in Axes
  2080 | D        | Got the +2 plate armour of Osaruloz {Harm +Inv rCorr}
  2220 | D        | Noticed a deep elf pyromancer
  2230 | D        | Killed a deep elf pyromancer
  2230 | D        | Received a gift from Trog
  2447 | D        | Received a gift from Trog
  2827 | D        | Noticed a death cob
  2827 | D        | Noticed a black draconian
  2827 | D        | Noticed a merfolk aquamancer
  2827 | D        | Noticed a spriggan defender
  2827 | D        | Noticed a death knight
  2828 | D        | Noticed a vampire mage
  2831 | D        | Identified the +4 rapier of Tenacity {vamp, rElec rC+
                  | Will+}
  2833 | D        | Killed a merfolk aquamancer
  2834 | D        | Reached skill level 22 in Axes
  2834 | D        | Reached skill level 10 in Dodging
  2843 | D        | Killed a spriggan defender
  2844 | D        | Reached XP level 12. HP: 105/130 MP: 11/11
  2845 | D        | Killed a death knight
  2845 | D        | Killed a death cob
  2845 | D        | Received a gift from Trog
  2849 | D        | Killed a vampire mage
  2849 | D        | Killed a black draconian
  3088 | D        | Noticed a nagaraja
  3092 | D        | Noticed a nagaraja
  3092 | D        | Noticed a spriggan defender
  3095 | D        | Killed a nagaraja
  3095 | D        | Noticed an alligator
  3095 | D        | Noticed an alligator
  3097 | D        | Killed a spriggan defender
  3097 | D        | Killed an alligator
  3098 | D        | Reached skill level 23 in Axes
  3109 | D        | Received a gift from Trog
  3115 | D        | Killed from afar by a nagaraja

Illustrated notes

Levels and vault maps discovered:
D:        pitsprint [storerooms_1, entrance_room_1, metal_vault_3, armoury_2,
          mini_pit_1, grid_room_1, main_hall_1, silver_pit, the_coven_1,
          the_vestibule_1, steel_vault_1, golden_pit, hallway_of_sentries,
          crystal_vault_6, iron_vault_4, final_vault]

Skill      XL: |  1  2  3  4  5  6  7  8  9 10 11 12 |
---------------+-------------------------------------+-----
Fighting       | 4 6 8 9 11 13 14 15 17 19 21 | 21.4
Axes           | 4 7 9 10 12 14 15 17 20 22 23 | 23.6
Armour         | 3 4 5 6 8 9 11 14 18 19 | 19.9
Dodging        | 3 4 5 6 7 8 9 10 | 10.1
Stealth        | 1 2 3 4 |  4.6

Action                     |  1- 3 |  4- 6 |  7- 9 | 10-12 || total
---------------------------+-------+-------+-------+-------++-------
  Melee: Hand axe          |     9 |    49 |    27 |       ||    85
         Headbutt          |     2 |     9 |     6 |    19 ||    36
         Punch             |       |     1 |       |       ||     1
         Executioner's axe |       |       |    21 |     2 ||    23
         Broad axe         |       |       |       |    44 ||    44
         Battleaxe         |       |       |       |    69 ||    69
 Invoke: Berserk           |     1 |     2 |     4 |     9 ||    16
         Brothers in Arms  |       |       |     1 |     4 ||     5
         Trog's Hand       |       |       |       |     1 ||     1
    Use: Potion            |       |     1 |       |     9 ||    10
         Scroll            |       |       |       |     1 ||     1
 Armour: Animal skin       |     2 |     2 |       |       ||     4
         Chain mail        |       |    12 |    21 |    46 ||    79
         Plate armour      |       |       |       |    25 ||    25
  Dodge: Dodged            |     3 |    26 |    25 |    74 ||   128
